 Dungeon Crawl Stone Soup version 0.32-a0-314-g526f7d4993 (webtiles) character file.

Game seed: 17915949321509336207

158 seren the Shield-Bearer (level 5, -4/46 HPs)
             Began as a Mountain Dwarf Fighter on Feb 15, 2024.
             Slain by a gnoll bouda
             ... wielding a +0 whip
              (6 damage)
             ... on level 2 of the Dungeon.
             The game lasted 00:03:12 (1449 turns).

seren the Shield-Bearer (Mountain Dwarf Fighter)    Turns: 1449, Time: 00:03:13

Health: -4/46      AC:  7    Str: 19    XL:     5   Next: 16%
Magic:  5/5        EV: 14    Int:  8    God:
Gold:   49         SH:  4    Dex: 11    Spells: 4/4 levels left

rFire   . . .        a - +0 war axe
rCold   . . .        c - +0 buckler
rNeg    . . .        b - +0 scale mail
rPois   .            (no helmet)
rElec   .            (no cloak)
rCorr   .            (no gloves)
SInv    .            (no boots)
Will    .....        (no amulet) Stlth
                     k - +5 ring of evasion
HPRegen 0.27/turn    (no ring)
MPRegen 0.09/turn

%: no passive effects
@: mighty, weakened
A: runic magic, artefact enchanting
a: no special abilities


You were on level 2 of the Dungeon.
You visited 1 branch of the dungeon, and saw 3 of its levels.

You collected 49 gold pieces.

Inventory:

Hand Weapons
 a - a +0 war axe (weapon)
Armour
 b - a +0 scale mail (worn)
 c - a +0 buckler (worn)
Jewellery
 k - a +5 ring of evasion (left hand)
Scrolls
 e - a scroll of immolation
 f - a scroll of fog
 h - a scroll of acquirement {unknown}
 j - a scroll of amnesia {unknown}
 l - a scroll of enchant armour {unknown}
 n - a scroll of teleportation {unknown}
Potions
 g - a potion of curing
 i - a potion of haste
 m - 2 potions of brilliance {unknown}
 o - a potion of mutation {unknown}


   Skills:
 + Level 4.3 Fighting
 + Level 3.9 Axes
 + Level 4.2 Armour
 + Level 4.3 Shields


You had 4 spell levels left.
You didn't know any spells.
Your spell library contained the following spells:

 Spells                   Type           Power      Damage    Failure   Level
 Scorch                   Fire           0%         2d5       71%         2
 Flame Wave               Conj/Fire      0%         2d4       100%        4
 Summon Cactus Giant      Summ           0%         N/A       100%        6


Dungeon Overview and Level Annotations

Branches:
Dungeon (3/15)

Altars:

Shops:
D:3 *

Annotations:
D:3 Terence


Innate Abilities, Weirdness & Mutations

Your spellcasting is much less encumbered by armour.
You can use scrolls of enchantment on lesser artefacts.


Message History

The gnoll bouda is heavily wounded.
The gnoll bouda hits you with a +0 whip.
* * * LOW HITPOINT WARNING * * *
The gnoll bouda barely misses you.
You hit the gnoll bouda.
The gnoll bouda is severely wounded.
The gnoll bouda closely misses you.
You closely miss the gnoll bouda.
The gnoll bouda is severely wounded.
The gnoll bouda hits you with a +0 whip.
* * * LOW HITPOINT WARNING * * *
You hit the gnoll bouda but do no damage.
The gnoll bouda is severely wounded.
The gnoll bouda misses you. The gnoll bouda completely misses you.
You hit the gnoll bouda but do no damage.
The gnoll bouda is severely wounded.
Your attacks no longer feel as feeble.
The gnoll bouda hits you with a +0 whip.
* * * LOW HITPOINT WARNING * * *
You barely miss the gnoll bouda.
The gnoll bouda is severely wounded.
The gnoll bouda hits you with a +0 whip.
* * * LOW HITPOINT WARNING * * *
You hit the gnoll bouda.
The gnoll bouda is severely wounded.
The gnoll bouda gazes fiercely through you!
You feel your attacks grow feeble.
The gnoll bouda hits you with a +0 whip.
* * * LOW HITPOINT WARNING * * *
The gnoll bouda gazes fiercely through you!
You feel as though you will be weak longer.
The gnoll bouda hits you with a +0 whip!
* * * LOW HITPOINT WARNING * * *
You hit the gnoll bouda.
The gnoll bouda is almost dead.
The gnoll bouda utters an invocation to its god.
The gnoll bouda is healed somewhat.
You feel very mighty all of a sudden.
The gnoll bouda hits you with a +0 whip.
You die...

#.)##########.).#####.###.÷..#..#
..).).........#######.......#....
..#########.........###....#.....
..##### #########.##..###...##.
#.....########### #.##.## #######
####.....##.....###.##.###
##..............##......####
#...............g#..###....#
#..............@>..## ####.##
#..............†)÷## #..####
#..................### ##.....
#................#...# #####.
#....)........(..###.##########.
##..>...........## #........##..
##......#.....## ###).....##.#
######.##.#########.......##.#
#.....####......#.....##.#


You could see a gnoll bouda.

Vanquished Creatures
  An orc wizard (D:2)
  A gnoll (D:2)
  An adder (D:2)
  A dart slug (D:1)
  A ribbon worm (D:2)
  3 ball pythons
  6 bats
  5 endoplasms
  5 giant cockroaches
  9 goblins
  3 hobgoblins
  4 jackals (D:1)
  2 quokkas
  5 frilled lizards
  7 kobolds
  8 rats
62 creatures vanquished.

Notes
Turn   | Place    | Note
-------+----------+-------------------------------------------
     0 | D:1      | seren the Mountain Dwarf Fighter began the quest for the
                  | Orb.
     0 | D:1      | Reached XP level 1. HP: 19/19 MP: 1/1
    26 | D:1      | Reached XP level 2. HP: 21/26 MP: 2/2
   140 | D:1      | Reached XP level 3. HP: 29/33 MP: 3/3
   596 | D:2      | Reached XP level 4. HP: 36/40 MP: 4/4
  1284 | D:3      | Found Wucvifal's General Store.
  1311 | D:3      | Noticed Terence
  1338 | D:2      | Reached XP level 5. HP: 23/46 MP: 5/5
  1447 | D:2      | HP: 1/46 [gnoll bouda/+0 whip (9)]
  1449 | D:2      | Slain by a gnoll bouda

Illustrated notes

Levels and vault maps discovered:
D:1:      grunt_arrival_crossed_arrows, layout_rooms
D:2:      layout_rooms, hangedman_decor_slide_cut
D:3:      layout_basic, serial_shops, shop, shop,
          minmay_randomly_rotated_circles, uniq_crazy_yiuf_cottage, uniq_terence

Skill      XL: |  1  2  3  4 |
---------------+-------------+-----
Axes           | 3 |  3.9
Shields        | 4 |  4.3
Fighting       | 4 |  4.3
Armour         | 4 |  4.2

Action                     |  1- 3 |  4- 6 || total
---------------------------+-------+-------++-------
  Melee: War axe           |    75 |    77 ||   152
    Use: Scroll            |       |     4 ||     4
         Potion            |       |     1 ||     1
 Armour: Scale mail        |    56 |    72 ||   128
  Dodge: Dodged            |    43 |    48 ||    91
  Block: Buckler           |    14 |    11 ||    25

Table legend: (Time is in decaauts)
 A = Elapsed time spent in this place.
 B = Non-inter-level travel time spent in this place.
 C = Inter-level travel time spent in this place.
 D = Time resting spent in this place.
 E = Time spent auto-exploring this place.
 F = Levels seen in this place.
 G = Mean time per level.
                   A        B        C        D        E       F      G
               +--------+--------+--------+--------+--------+-----+--------+
         Total |   1506 |   1455 |     51 |    131 |    864 |   3 |  502.0 |
       Dungeon |   1506 |   1455 |     51 |    131 |    864 |   3 |  502.0 |
               +--------+--------+--------+--------+--------+-----+--------+

Top non-repeatable levels by time:
     D:2: 786 daAuts
     D:1: 614 daAuts
     D:3: 106 daAuts
